 Dungeon Crawl Stone Soup version 0.28-a0-1447-ga5a8893891 (webtiles) character file.

Game seed: 15039538577632192742

1736 oldriver the Fighter (level 9, 0/75 HPs)
             Began as a Formicid Chaos Knight on Jan 10, 2022.
             Was a Plaything of Xom.
             Slain by a wyvern skeleton (7 damage)
             ... on level 6 of the Dungeon.
             The game lasted 00:07:31 (8374 turns).

oldriver the Fighter (Formicid Chaos Knight)        Turns: 8374, Time: 00:07:32

Health: 0/75       AC:  8    Str: 21    XL:     9   Next: 26%
Magic:  9/9        EV: 13    Int:  7    God:    Xom [*.....]
Gold:   203        SH:  0    Dex: 16    Spells: 8/8 levels left

rFire   + . .      SeeInvis +   a - +0 hand axe (chaos)
rCold   . . .      Faith    .   (no shield)
rNeg    + + +      Spirit   .   g - +1 ring mail of the Monkey's Uncle {Rampage rN+++ Int-5}
rPois   +          Reflect  .   (helmet unavailable)
rElec   .          Harm     .   n - +0 cloak
rCorr   .          Rampage  +   (no gloves)
Will    .....                   q - +0 pair of boots
Stlth   +.........              (no amulet)
HPRegen 0.22/turn               j - +6 ring of dexterity
MPRegen 0.11/turn               l - ring of protection from fire

@: unable to read
A: permanent stasis, dig shafts and tunnels, antennae 3, four strong arms,
poison resistance, screaming 1, inability to read while threatened, MP-powered
wands
a: Dig, Shaft Self, Renounce Religion


You were on level 6 of the Dungeon.
You worshipped Xom.
You were a special plaything of Xom.
You visited 1 branch of the dungeon, and saw 6 of its levels.

You collected 203 gold pieces.

Inventory:

Hand Weapons
 a - a +0 hand axe of chaos (weapon)
Armour
 g - the +1 ring mail of the Monkey's Uncle (worn) {Rampage rN+++ Int-5}
   (You found it on level 2 of the Dungeon)

   Int:       It affects your intelligence (-5).
   rN:        It renders you almost immune to negative energy.
   Rampage:   It bestows one free step when moving towards enemies.
 n - a +0 cloak (worn)
 q - a +0 pair of boots (worn)
Jewellery
 j - a +6 ring of dexterity (left hand)
 l - a ring of protection from fire (right hand)
Wands
 d - a wand of mindburst (9)
Scrolls
 b - 6 scrolls of identify
 e - a scroll of teleportation {unknown}
 f - a scroll of brand weapon {unknown}
 m - a scroll of magic mapping {unknown}
Potions
 c - 2 potions of might {unknown}
 h - 2 potions of haste


   Skills:
 + Level 8.6 Fighting
 + Level 7.3 Axes
 - Level 2.1 Armour
 - Level 5.0 Dodging


You had 8 spell levels left.
You didn't know any spells.
Your spell library contained the following spells:

 Spells                   Type           Power      Damage    Failure   Level
 Magic Dart               Conj           0%         1d3       58%         1
 Shock                    Conj/Air       0%         1d3       58%         1
 Sting                    Tmut/Pois      0%         1d3       58%         1
 Call Imp                 Summ           0%         N/A       75%         2
 Poisonous Vapours        Pois/Air       0%         N/A       75%         2
 Sublimation of Blood     Necr           0%         N/A       75%         2
 Mephitic Cloud           Conj/Pois/Air  0%         N/A       92%         3
 Ozocubu's Armour         Ice            0%         N/A       92%         3
 Airstrike                Air            0%         N/A       100%        4
 Olgreb's Toxic Radiance  Pois           0%         N/A       100%        4
 Petrify                  Tmut/Erth      0%         N/A       100%        4
 Irradiate                Conj/Tmut      0%         3d13      100%        5
 Ozocubu's Refrigeration  Ice            0%         4d5       100%        7
 Swiftness                Air            Unusable   N/A       N/A         3

Dungeon Overview and Level Annotations

Branches:
Dungeon (6/15)             Temple (0/1) D:6

Altars:
Xom

Shops:
D:3 [   D:5 (::


Innate Abilities, Weirdness & Mutations

You cannot be hasted, slowed, berserked, paralysed or teleported.
You can dig through walls and to a lower floor.
You have a pair of large antennae on your head. (SInv)
Your four strong arms can wield two-handed weapons with a shield.
Your system is resistant to poisons. (rPois)
You occasionally shout uncontrollably at your foes.
You sometimes lose the ability to read scrolls when taking damage.
You expend magic power (3 MP) to strengthen your wands.


Message History

You barely miss the wyvern skeleton.
The wyvern skeleton is severely damaged.
The wyvern skeleton bites you. The wyvern skeleton bites you!
You feel threatened and lose the ability to read scrolls!
You are too injured to fight recklessly!
You are too injured to fight recklessly!
You hit the wyvern skeleton. You burn the wyvern skeleton.
The wyvern skeleton is severely damaged.
The wyvern skeleton bites you. The wyvern skeleton barely misses you.
You barely miss the wyvern skeleton.
The wyvern skeleton is severely damaged.
The wyvern skeleton misses you.
You hit the wyvern skeleton.
The wyvern skeleton convulses.
The wyvern skeleton is severely damaged.
The wyvern skeleton bites you but does no damage. x2
You hit the wyvern skeleton. You burn the wyvern skeleton.
The wyvern skeleton is almost destroyed.
The wyvern skeleton misses you.
The wyvern skeleton bites you but does no damage.
You hit the wyvern skeleton but do no damage.
The wyvern skeleton is almost destroyed.
The wyvern skeleton bites you!
* * * LOW HITPOINT WARNING * * *
The wyvern skeleton misses you.
You barely miss the wyvern skeleton.
The wyvern skeleton is almost destroyed.
The wyvern skeleton bites you.
* * * LOW HITPOINT WARNING * * *
The wyvern skeleton misses you.
You closely miss the wyvern skeleton.
The wyvern skeleton is almost destroyed.
The wyvern skeleton closely misses you. The wyvern skeleton bites you.
* * * LOW HITPOINT WARNING * * *
You feel better. The wyvern skeleton bites you.
* * * LOW HITPOINT WARNING * * *
You feel better. The wyvern skeleton bites you!!
* * * LOW HITPOINT WARNING * * *
The wyvern skeleton bites you!
You die... "It's all fun and games until someone loses an eye."

.........#.............#.###.#
.........#.##########..#.....#
..#####+######## #..###+### .
...#### #..# . #.....# #..#
#.....# #..# #.... #..#
#.####.######..#######
#...Z@................
#.............#.........
########.####.#.######## #.#
#.#.# # #.# #.#.# #
#################.# #.#.# #
.......(........#.. ..#.# #
###############.#.#
#.#.########
#.########.........


You could see a wyvern skeleton (fast, strong, agile).

Vanquished Creatures
  Pikel (D:5)
  Eustachio (D:5)
  Duvessa (D:5)
  An ogre (D:4)
  A phantom (D:5)
  2 lemures (D:5)
  2 scorpions
  A water moccasin skeleton (D:5)
  A vampire bat (D:3)
  A bullfrog zombie (D:5)
  5 orc priests
  2 hounds
  3 jellies
  A bullfrog skeleton (D:5)
  2 orc wizards (D:6)
  An iguana (D:4)
  4 adders
  A shadow imp (D:6)
  2 white imps
  A worm (D:3)
  4 dart slugs
  3 fire bats (D:3)
  10 orcs
  2 spectral bats (D:3)
  5 ball pythons
  14 bats
  3 bat skeletons (D:3)
  A bat zombie (D:3)
  9 endoplasms
  2 giant cockroaches (D:3)
  7 goblins
  6 hobgoblins
  6 jackals
  7 kobolds
  6 quokkas
  A bat simulacrum (D:3)
  A frilled lizard (D:3)
  4 rats
125 creatures vanquished.

Notes
Turn   | Place    | Note
-------+----------+-------------------------------------------
     0 | D:1      | oldriver the Formicid Chaos Knight began the quest for the
                  | Orb.
     0 | D:1      | Reached XP level 1. HP: 18/18 MP: 1/1
    19 | D:1      | Reached skill level 1 in Dodging
    94 | D:1      | Reached XP level 2. HP: 24/24 MP: 2/2
   144 | D:1      | XOM: divination: detect items
   401 | D:1      | Found a faded altar of an unknown god.
   506 | D:1      | Reached XP level 3. HP: 30/30 MP: 3/3
   656 | D:1      | XOM: divination: detect creatures
  1242 | D:2      | Identified the +1 ring mail of the Monkey's Uncle {Rampage
                  | rN+++ Int-5}
  1505 | D:2      | Reached skill level 4 in Fighting
  1505 | D:2      | Reached XP level 4. HP: 37/37 MP: 4/4
  1847 | D:3      | XOM: confuse monster(s)
  1854 | D:3      | Reached XP level 5. HP: 37/43 MP: 5/5
  2078 | D:3      | Found Hautsoung's Armour Emporium.
  2290 | D:3      | XOM: silly message
  2308 | D:3      | XOM: god gift: 24 stones
  2391 | D:3      | XOM: stat loss: -1 Dex (9/10)
  2539 | D:3      | XOM: give mutations
  2539 | D:3      | Gained mutation: You are strong-willed. (Will+) [Xom's
                  | mischief]
  2539 | D:3      | Gained mutation: Armour fits poorly on your strangely
                  | shaped body. [Xom's mischief]
  2567 | D:3      | Reached XP level 6. HP: 49/49 MP: 6/6
  3028 | D:4      | XOM: fog
  3032 | D:4      | Reached skill level 5 in Fighting
  3594 | D:4      | Reached XP level 7. HP: 14/56 MP: 7/7
  3624 | D:4      | XOM: give mutations
  3624 | D:4      | Gained mutation: Your body sometimes deteriorates upon
                  | taking damage. [Xom's mischief]
  3624 | D:4      | Gained mutation: You are weak. (Str -2) [Xom's mischief]
  3624 | D:4      | Lost mutation: You are weak. (Str -2) [Xom's mischief]
  3624 | D:4      | Gained mutation: You occasionally shout uncontrollably at
                  | your foes. [Xom's mischief]
  4212 | D:4      | Reached skill level 5 in Axes
  4357 | D:5      | Entered Level 5 of the Dungeon
  4357 | D:5      | Found Zaedd's Book Emporium.
  4478 | D:5      | XOM: scenery: 1 doors open
  4696 | D:5      | XOM: give mutations
  4696 | D:5      | Lost mutation: You are strong-willed. (Will+) [Xom's
                  | mischief]
  4696 | D:5      | Gained mutation: You sometimes lose the ability to read
                  | scrolls when taking damage. [Xom's mischief]
  4696 | D:5      | Gained mutation: You are weak. (Str -2) [Xom's mischief]
  4696 | D:5      | Gained mutation: You are frail. (-10% HP) [Xom's mischief]
  4911 | D:5      | Found Qeesmez's Book Shoppe.
  4945 | D:5      | XOM: enchant monster (good)
  4977 | D:5      | Reached skill level 6 in Fighting
  5007 | D:5      | XOM: god gift: 18 sling bullets
  5121 | D:5      | XOM: scenery: 1 doors close
  5140 | D:5      | XOM: swap monsters
  5143 | D:5      | XOM: give mutations
  5143 | D:5      | Lost mutation: You are frail. (-10% HP) [Xom's mischief]
  5143 | D:5      | Lost mutation: Your body sometimes deteriorates upon taking
                  | damage. [Xom's mischief]
  5148 | D:5      | Reached XP level 8. HP: 38/64 MP: 8/8
  5286 | D:5      | XOM: summons 3 hostile demons
  5374 | D:5      | Noticed Eustachio
  5378 | D:5      | XOM: chaos upgrade
  5404 | D:5      | XOM: draining
  5412 | D:5      | Killed Eustachio
  5538 | D:5      | XOM: torment (20/61 hp)
  5643 | D:5      | XOM: give mutations
  5643 | D:5      | Gained mutation: You expend magic power (3 MP) to
                  | strengthen your wands. [Xom's grace]
  5643 | D:5      | Gained mutation: You are robust. (+10% HP) [Xom's grace]
  5643 | D:5      | Gained mutation: You have hidden genetic potential. [Xom's
                  | grace]
  5643 | D:5      | Gained mutation: Your system is resistant to poisons.
                  | (rPois) [Xom's grace]
  5713 | D:5      | XOM: cloud trail
  5781 | D:5      | Noticed Duvessa
  5784 | D:5      | Noticed Dowan
  5784 | D:5      | XOM: scenery: create altars
  5806 | D:5      | Killed Duvessa
  5817 | D:5      | Noticed Dowan
  5817 | D:5      | Dowan changed into Dowan the jackal
  5818 | D:5      | Killed Dowan the jackal
  6112 | D:5      | XOM: potion effect (curing)
  6192 | D:5      | Noticed Pikel
  6215 | D:5      | XOM: potion effect (curing)
  6224 | D:5      | XOM: enchant monster (bad)
  6225 | D:5      | Killed Pikel
  6226 | D:5      | Reached skill level 8 in Fighting
  6226 | D:5      | Reached skill level 5 in Dodging
  6226 | D:5      | Reached XP level 9. HP: 6/81 MP: 9/9
  6708 | D:5      | Found Gewkaschi's Weapon Boutique.
  7258 | D:4      | XOM: give mutations
  7258 | D:4      | Gained mutation: You are clumsy. (Dex -2) [Xom's mischief]
  7258 | D:4      | Lost mutation: Armour fits poorly on your strangely shaped
                  | body. [Xom's mischief]
  7258 | D:4      | Lost mutation: You are weak. (Str -2) [Xom's mischief]
  7330 | D:5      | XOM: give mutations
  7330 | D:5      | Lost mutation: You are robust. (+10% HP) [Xom's mischief]
  7330 | D:5      | Lost mutation: You are clumsy. (Dex -2) [Xom's mischief]
  7330 | D:5      | Lost mutation: You have hidden genetic potential. [Xom's
                  | mischief]
  7451 | D:6      | Found a staircase to the Ecumenical Temple.
  7503 | D:6      | XOM: summons 1 hostile demon
  7578 | D:6      | XOM: smoke on damage
  7745 | D:6      | XOM: noise
  8374 | D:6      | Slain by a wyvern skeleton

Illustrated notes

Levels and vault maps discovered:
D:1:      amcnicky_arrival_choice, layout_loops_cross,
          shapermc_ecumenical_altar_acropolis, minmay_statues_item
D:2:      minmay_evil_eye, layout_loops_ring
D:3:      layout_loops_corners, serial_shops, shop, goddamned_bats
D:4:      layout_loops_ring
D:5:      layout_basic, serial_shops, nicolae_diamond_shop,
          nicolae_take_the_stairs, nicolae_shop_bloodbath_and_beyond,
          uniq_duvessa, uniq_eustachio, uniq_pikel
D:6:      layout_basic, minmay_temple_entry_glassed_door

Skill      XL: |  1  2  3  4  5  6  7  8  9 |
---------------+----------------------------+-----
Dodging        | 1 2 3 4 5 |  5.0
Fighting       | 4 5 6 8 |  8.6
Axes           | 4 5 6 7 |  7.3
Armour         | |  2.1

Action                   |  1- 3 |  4- 6 |  7- 9 || total
-------------------------+-------+-------+-------++-------
Melee: Hand axe          |    92 |   155 |   304 ||   551
       Punch             |       |     1 |     8 ||     9
  Use: Potion            |       |       |    10 ||    10
       Scroll            |       |       |     4 ||     4
 Stab: Paralysed         |     1 |       |     1 ||     2
       Petrifying        |       |     1 |     1 ||     2
       Confused          |       |       |     2 ||     2
       Petrified         |       |       |     4 ||     4
Armor: Leather armour    |    41 |       |       ||    41
       Ring mail         |     1 |    90 |    79 ||   170
       Skin              |       |       |    14 ||    14
Dodge: Dodged            |    42 |   130 |   160 ||   332

Table legend: (Time is in decaauts)
 A = Elapsed time spent in this place.
 B = Non-inter-level travel time spent in this place.
 C = Inter-level travel time spent in this place.
 D = Time resting spent in this place.
 E = Time spent auto-exploring this place.
 F = Levels seen in this place.
 G = Mean time per level.
                   A        B        C        D        E       F      G
               +--------+--------+--------+--------+--------+-----+--------+
         Total |   8404 |   8007 |    397 |   1653 |   5206 |   6 | 1400.7 |
       Dungeon |   8404 |   8007 |    397 |   1653 |   5206 |   6 | 1400.7 |
               +--------+--------+--------+--------+--------+-----+--------+

Top non-repeatable levels by time:
     D:5: 2590 daAuts
     D:4: 1657 daAuts
     D:3: 1438 daAuts
     D:1: 1041 daAuts
     D:6: 942 daAuts
     D:2: 734 daAuts
